 Dungeon Crawl Stone Soup version 0.26-a0-1222-g14533b3512 (webtiles) character file.

Game seed: 6844351137038351975

151 Kaver the Digger (level 5, -5/28 HPs)
             Began as a Gargoyle Earth Elementalist on Dec 31, 2020.
             Shot with an arrow by a centaur (11 damage)
             ... on level 3 of the Dungeon.
             The game lasted 00:05:06 (3085 turns).

Kaver the Digger (Gargoyle Earth Elementalist)      Turns: 3085, Time: 00:05:06

Health: -5/28      AC:  9    Str: 11    XL:     5   Next: 33%
Magic:  10/10      EV: 12    Int: 17    God:
Gold:   115        SH:  0    Dex: 10    Spells: 1/10 levels left

rFire    . . .     SeeInvis .   m - +3 short sword (drain)
rCold    . . .     Faith    .   (no shield)
rNeg     + . .     Spirit   .   c - +0 robe
rPois    ∞         Reflect  .   (no helmet)
rElec    +         Harm     .   (no cloak)
rCorr    .         Rampage  .   (no gloves)
Will     .....                  a - +2 pair of boots
Stlth    ++........             (no amulet)
HPRegen  0.09/turn              (no ring)
MPRegen  0.12/turn              (no ring)

@: no status effects
A: negative energy resistance 1, electricity resistance, unbreathing,
petrification resistance, miasma immunity, AC +4
a: no special abilities


You were on level 3 of the Dungeon.
You visited 1 branch of the dungeon, and saw 3 of its levels.

You collected 115 gold pieces.

Inventory:

Hand Weapons
 k - a +0 flail
 m - a +3 short sword of draining (weapon)
Missiles
 b - 112 stones (quivered)
 n - a throwing net
Armour
 a - a +2 pair of boots (worn)
 c - a +0 robe (worn)
Scrolls
 g - 4 scrolls of remove curse
 j - 4 scrolls of teleportation
Potions
 e - a potion of berserk rage
 f - 2 potions of heal wounds
 i - a potion of curing
 l - a potion of magic


   Skills:
 - Level 1.5 Dodging
 - Level 2.1 Stealth
 + Level 3.4 Spellcasting
 + Level 2.2 Conjurations
 - Level 0.7 Transmutations
 + Level 5.2 Earth Magic


You had one spell level left.
You knew the following spells:

 Your Spells              Type           Power        Failure   Level
a - Sandblast             Erth           40%          1%          1
b - Stone Arrow           Conj/Erth      30%          11%         3
c - Lee's Rapid Deconstr  Erth           10%          47%         5

Your spell library contained the following spells:

 Spells                   Type           Power        Failure   Level
 Passwall                 Tmut/Erth      10%          8%          2
 Petrify                  Tmut/Erth      13%          43%         4


Dungeon Overview and Level Annotations

Branches:
Dungeon (3/15)

Altars:
Wu Jian


Innate Abilities, Weirdness & Mutations

You are resistant to torment.
Your stone body is resilient. (AC +4)
You are immune to poison.
You resist negative energy. (rN+)
You are resistant to electric shocks. (rElec)
You can survive without breathing.
You are immune to petrification.
You are immune to miasma.


Message History

A goblin and a centaur come into view.
The centaur shouts!
The centaur wields a +0 shortbow.
The centaur shoots an arrow.
The arrow hits you!
You see here an arrow.
The centaur shoots an arrow.
The arrow hits you.
The centaur shoots an arrow.
The arrow hits you but does no damage.
The goblin shouts!
You see here 2 arrows.
The centaur shoots an arrow.
The arrow closely misses you.
The arrow barely misses the hobgoblin.
The hobgoblin completely misses you.
Found 19 stones.
The centaur shoots an arrow.
The arrow hits you.
The hobgoblin hits you but does no damage.
You see here an arrow.
The centaur shoots an arrow.
The arrow hits you.
* * * LOW HITPOINT WARNING * * *
You see here an arrow.
The centaur shoots an arrow.
The arrow hits you!
You die...

,,***#...................#.#
....###..........##....#...#
....#.......##.####....#####
b...#.)†....#*>#####....#
....#(..######+#....(...#
....#(..###........(....#******
....#†..........g(..........,,*
................(...........,,*
................@......g.....,*
.....#######.....#...........,***
.....# #.....#.....c.....,,,*
.....# #.....#.........#***,*
....<# #....(######...#****,,
..#### #.....#*,,,*#.**,,,**, ..#
#.....#,8,8,*,*,8,8,*, ..#
#.....#,,_,,*,*,,_,,*, ..#
*****,*,8,,,*,*,,,8,*,


You could see a centaur, a hobgoblin and a goblin.

Vanquished Creatures
  A bullfrog skeleton (D:2)
  2 adders
  4 gnolls (D:2)
  4 leopard geckos
  2 ball pythons
  3 giant cockroaches
  3 goblins
  13 hobgoblins
  5 jackals
  7 kobolds
  A quokka (D:2)
  8 bats
  4 frilled lizards
  2 rats
59 creatures vanquished.

Notes
Turn   | Place    | Note
-------+----------+-------------------------------------------
     0 | D:1      | Kaver the Gargoyle Earth Elementalist began the quest for
                  | the Orb.
     0 | D:1      | Reached XP level 1. HP: 10/10 MP: 3/3
   450 | D:1      | Reached XP level 2. HP: 8/15 MP: 3/5
   452 | D:1      | Reached skill level 4 in Earth Magic
  1288 | D:1      | Reached XP level 3. HP: 17/19 MP: 3/6
  1293 | D:1      | Learned a level 3 spell: Stone Arrow
  1810 | D:2      | Reached skill level 1 in Conjurations
  1979 | D:2      | Reached XP level 4. HP: 24/24 MP: 5/8
  2209 | D:2      | Reached skill level 5 in Earth Magic
  2389 | D:2      | Reached XP level 5. HP: 22/28 MP: 4/9
  2492 | D:2      | Learned a level 5 spell: Lee's Rapid Deconstruction
  3053 | D:3      | Found an ornate altar of the Wu Jian Council.
  3079 | D:3      | Noticed a centaur
  3085 | D:3      | Shot with an arrow by a centaur

Illustrated notes

Levels and vault maps discovered:
D:1:      sevenhm_arrival_forest_fort_small_5, layout_loops_ring
D:2:      layout_rooms, minmay_pentomino_r4
D:3:      layout_basic, lemuel_zombie_altar_kikubaaqudgha,
          grunt_temple_overflow_cloverleaf, nzn_wu_jian_contemplation,
          chequers_ecumenical_altar_lobes

Skill      XL: |  1  2  3  4  5 |
---------------+----------------+-----
Earth Magic    | 4 5 |  5.2
Conjurations   | 1 2 |  2.2
Spellcasting   | 3 |  3.4
Dodging        | |  1.5
Stealth        | |  2.1
Transmutations | |  0.7

Action                   |  1- 3 |  4- 6 || total
-------------------------+-------+-------++-------
Melee: Club              |    50 |       ||    50
       Unarmed           |    13 |       ||    13
       Short sword       |       |    75 ||    75
 Cast: Sandblast         |    28 |    12 ||    40
       Stone Arrow       |     1 |       ||     1
  Use: Scroll            |       |     8 ||     8
 Stab: Sleeping          |     2 |       ||     2
Armor: Robe              |    26 |    46 ||    72
Dodge: Dodged            |    50 |    85 ||   135

Table legend: (Time is in decaauts)
 A = Elapsed time spent in this place.
 B = Non-inter-level travel time spent in this place.
 C = Inter-level travel time spent in this place.
 D = Time resting spent in this place.
 E = Time spent auto-exploring this place.
 F = Levels seen in this place.
 G = Mean time per level.
                   A        B        C        D        E       F      G
               +--------+--------+--------+--------+--------+-----+--------+
         Total |   3110 |   2962 |    148 |    367 |   2090 |   3 | 1036.7 |
       Dungeon |   3110 |   2962 |    148 |    367 |   2090 |   3 | 1036.7 |
               +--------+--------+--------+--------+--------+-----+--------+

Top non-repeatable levels by time:
     D:1: 1717 daAuts
     D:2: 959 daAuts
     D:3: 433 daAuts
